 Dungeon Crawl Stone Soup version 0.20.0-10-g0535bb4 (webtiles) character file.

811 MDvedh the Basher (level 7, -4/40 HPs)
             Began as a Gargoyle Skald on June 3, 2017.
             Killed by divine providence
             ... invoked by an orc priest
              (13 damage)
             ... on level 4 of the Dungeon.
             The game lasted 00:06:52 (4568 turns).

MDvedh the Basher (Gargoyle Skald)                  Turns: 4568, Time: 00:06:52

Health: -4/40      AC: 11    Str: 16    XL:     7   Next: 93%
Magic:  8/10       EV: 11    Int: 14    God:
Gold:   156        SH:  0    Dex:  9    Spells: 7/10 levels left

rFire    . . .     SeeInvis .   f - +0 flail
rCold    . . .     Gourm    .   s - +0 buckler
rNeg     + . .     Faith    .   j - +0 ring mail
rPois    ∞         Spirit   .   l - +0 helmet
rElec    +         Reflect  .   (no cloak)
rCorr    .         Harm     .   (no gloves)
MR       .....                  (no boots)
Stlth    ..........             (no amulet)
Regen    0.2/turn               t - +1 ring of evasion
MPRegen  0.2/turn               (no ring)

@: confused, infused
A: negative energy resistance 1, electricity resistance, unbreathing,
petrification resistance, rot immunity, AC +4
a: no special abilities


You were on level 4 of the Dungeon.
You were not hungry.

You visited 1 branch of the dungeon, and saw 4 of its levels.

You collected 156 gold pieces.

Inventory:

Hand Weapons
 a - a +0 mace
 f - a +0 flail (weapon)
Armour
 b - a +0 leather armour
 j - a +0 ring mail (worn)
 l - a +0 helmet (worn)
 s - a +0 buckler (worn)
Jewellery
 m - an uncursed ring of protection from cold {unknown}
 t - a +1 ring of evasion (left hand)
Wands
 k - a wand of flame (18/48)
 p - a wand of iceblast (6/15)
Scrolls
 e - 3 scrolls of identify
 g - 2 scrolls of amnesia {unknown}
 h - 2 scrolls of remove curse
 i - 2 scrolls of teleportation {unknown}
 n - a scroll of enchant armour {unknown}
 r - a scroll of fear {unknown}
Books
 c - a book of Battle

   Spells                             Type                      Level
   a - Infusion                       Charms                       1
   b - Shroud of Golubria             Charms/Translocation         2
   c - Song of Slaying                Charms                       2
   d - Spectral Weapon                Hexes/Charms                 3
   e - Regeneration                   Charms/Necromancy            3
Comestibles
 d - 2 bread rations
 o - 2 meat rations
 q - 2 royal jellies


   Skills:
 - Level 2.1 Fighting
 + Level 8.8 Maces & Flails
 - Level 1.1 Armour
 - Level 1.5 Dodging
 - Level 2.0 Spellcasting
 - Level 2.6 Charms


You had 7 spell levels left.
You knew the following spells:

 Your Spells              Type           Power        Failure   Level  Hunger
a - Infusion              Chrm           #...         26%         1    ##.....
b - Song of Slaying       Chrm           #.......     36%         2    ###....


Dungeon Overview and Level Annotations

Branches:
Dungeon (4/15)
 Temple: D:4-7

Altars:
Kikubaaqudgha
Makhleb

Shops:
D:4 %}[

Annotations:
D:4 2 transporters


Innate Abilities, Weirdness & Mutations

You are resistant to torment.
Your stone body is resilient. (AC +4)
You are immune to poison.
You resist negative energy. (rN+)
You are resistant to electric shocks. (rElec)
You can survive without breathing.
You are immune to petrification.
You are immune to rotting.


Message History

Pain shoots through your body!
You hit the orc priest.
The orc priest is almost dead.
The orc wizard casts a spell at you.
You are confused.
The orc hits you.
The orc priest hits you but does no damage.
The orc wizard hits you but does no damage.
The orc priest invokes the aid of Beogh against you.
Beogh smites you!
* * * LOW HITPOINT WARNING * * *
You closely miss the orc priest.
The orc priest is almost dead.
The orc wizard casts a spell.
The orc wizard flickers and vanishes!
Deactivating autopickup; reactivate with Ctrl-A.
The orc hits you but does no damage.
The orc priest mumbles some strange prayers to Beogh against you.
Beogh smites you!
You die...

#...##...##.......
#...##....#.......
#...#.....'.......
#...#.....#.......
#...#######.......
#...# #.......
#...# #####'##
#o{.# #.......
#@o.# #.......
#...# #.......
#?..# #.......
#...# +.......
#...# #.......
#...# #######.
#####


You could see an orc priest and an orc.

Vanquished Creatures
  Grinder (D:3)
  Duvessa (D:4)
  A phantom (D:4)
  Dowan (D:4)
  The ghost of DogShitOnMyToe the Ducker, a weakling MfCj (D:3)
  A gnoll shaman (D:4)
  A hound (D:4)
  An orc wizard (D:4)
  2 worker ants (D:4)
  Robin (D:3)
  3 gnolls (D:4)
  5 adders
  2 dart slugs (D:3)
  2 leopard geckos
  4 orcs (D:4)
  2 ball pythons (D:3)
  4 giant cockroaches
  19 goblins
  16 hobgoblins
  8 jackals
  A quokka (D:2)
  7 bats
  10 frilled lizards
  8 kobolds
  5 rats
107 creatures vanquished.

Notes
Turn   | Place    | Note
-------+----------+-------------------------------------------
     0 | D:1      | MDvedh the Gargoyle Skald began the quest for the Orb.
     0 | D:1      | Reached XP level 1. HP: 12/12 MP: 3/3
   133 | D:1      | Reached XP level 2. HP: 6/17 MP: 5/5
   477 | D:1      | Reached skill level 3 in Maces & Flails
   648 | D:1      | Reached XP level 3. HP: 15/21 MP: 6/6
  1445 | D:1      | Learned a level 2 spell: Song of Slaying
  1488 | D:2      | Reached skill level 4 in Maces & Flails
  1636 | D:2      | Reached XP level 4. HP: 22/26 MP: 4/7
  2227 | D:3      | Reached skill level 5 in Maces & Flails
  2255 | D:3      | Reached XP level 5. HP: 25/30 MP: 8/8
  2363 | D:3      | Noticed Grinder
  2385 | D:3      | Paralysed by Grinder for 7 turns
  2395 | D:3      | Killed Grinder
  2395 | D:3      | Reached skill level 6 in Maces & Flails
  2395 | D:3      | Reached XP level 6. HP: 4/35 MP: 5/9
  2697 | D:3      | Noticed Robin
  2723 | D:3      | Killed Robin
  2896 | D:3      | Noticed DogShitOnMyToe's ghost (weakling MfCj)
  2907 | D:3      | Killed DogShitOnMyToe's ghost
  2907 | D:3      | Reached skill level 7 in Maces & Flails
  3356 | D:4      | Found Zoepp's Antique Armour Boutique.
  3432 | D:4      | Found Gulucuofyu's Gadget Shop.
  3466 | D:4      | Reached XP level 7. HP: 29/40 MP: 7/10
  3556 | D:4      | Found a transporter.
  3558 | D:4      | Noticed a manticore
  3559 | D:4      | Noticed a wyvern
  3559 | D:4      | Found an ancient bone altar of Kikubaaqudgha.
  3561 | D:4      | Found a burning altar of Makhleb.
  3584 | D:4      | Found a transporter.
  3677 | D:4      | HP: 2/40 [gnoll/spear (3)]
  3997 | D:4      | Noticed Duvessa
  4026 | D:4      | Killed Duvessa
  4026 | D:4      | Reached skill level 8 in Maces & Flails
  4456 | D:4      | Noticed Dowan
  4475 | D:4      | Found Uviguog's Food Shoppe.
  4486 | D:4      | Killed Dowan
  4568 | D:4      | Killed from afar by an orc priest

Skill      XL: |  1  2  3  4  5  6  7 |
---------------+----------------------+-----
Maces & Flails | 3 4 5 6 7 8 |  8.8
Fighting       | |  2.1
Armour         | |  1.1
Dodging        | |  1.5
Spellcasting   | |  2.0
Charms         | |  2.6

Action                   |  1- 3 |  4- 6 |  7- 9 || total
-------------------------+-------+-------+-------++-------
Melee: Mace              |   141 |   222 |    41 ||   404
       Flail             |       |       |    75 ||    75
 Cast: Infusion          |     1 |     4 |     6 ||    11
       Song of Slaying   |     1 |     1 |     1 ||     3
  Use: Potion            |       |     5 |     2 ||     7
       Scroll            |       |     3 |       ||     3
  Eat: Chunk             |     2 |     7 |     2 ||    11
       Bread ration      |       |       |     1 ||     1
Armor: Leather armour    |    21 |       |       ||    21
       Ring mail         |    65 |   132 |    73 ||   270
Dodge: Dodged            |    78 |   140 |    67 ||   285
Block: Buckler           |       |     9 |    12 ||    21
